 Dungeon Crawl Stone Soup version 0.25-a0-834-g55863b0b92 (webtiles) character file.

Game seed: 7153114611784218364, levelgen mode: deterministic

47 Maedhros the Charlatan (level 3, 0/23 HPs)
             Began as an Octopode Artificer on Apr 23, 2020.
             Slain by an ice beast (11 damage)
             ... on level 3 of the Dungeon.
             The game lasted 00:00:41 (953 turns).

Maedhros the Charlatan (Octopode Artificer)          Turns: 953, Time: 00:00:41

Health: 0/23       AC:  1    Str: 11    XL:     3   Next: 70%
Magic:  6/6        EV: 13    Int: 13    God:
Gold:   52         SH:  0    Dex: 13    Spells: 2/2 levels left

rFire    . . .     SeeInvis .   a - +0 short sword
rCold    . . .     Gourm    .   (no shield)
rNeg     . . .     Faith    .   (helmet restricted)
rPois    .         Spirit   .   (no amulet)
rElec    .         Reflect  .   (no ring)
rCorr    .         Harm     .   (no ring)
MR       .....                  (no ring)
Stlth    +++.......             (no ring)
HPRegen  0.07/turn              (no ring)
MPRegen  0.10/turn              (no ring)
                                (no ring)
                                (no ring)

@: no status effects
A: almost no armour, stealthy swim, amphibious, 8 rings, constrict 8, camouflage
1, gelatinous body 1
a: no special abilities


You were on level 3 of the Dungeon.
You were not hungry.

You visited 1 branch of the dungeon, and saw 3 of its levels.

You collected 52 gold pieces.

Inventory:

Hand Weapons
 a - a +0 short sword (weapon)
Wands
 b - a wand of flame (14)
 c - a wand of enslavement (15)
 d - a wand of random effects (15)
Scrolls
 e - a scroll of teleportation {unknown}
 g - a scroll of noise {unknown}
 h - a scroll of enchant armour {unknown}
 i - a scroll of remove curse {unknown}
Comestibles
 f - 2 rations


   Skills:
 - Level 1.0 Fighting
 - Level 1.0 Short Blades
 - Level 2.0 Dodging
 + Level 3.6 Stealth
 + Level 4.2 Evocations


You had 2 spell levels left.
You didn't know any spells.
Your spell library was empty.

Dungeon Overview and Level Annotations

Branches:
Dungeon (3/15)

Altars:
Hepliaklqana


Innate Abilities, Weirdness & Mutations

You cannot wear most types of armour.
You are very stealthy in the water. (Stealth+)
You are amphibious.
You can wear up to eight rings at the same time.
You can use your tentacles to constrict eight enemies at once.
Your skin changes colour to match your surroundings (Stealth+).
Your rubbery body absorbs attacks. (AC +1, EV +1)


Message History

No target in view!
f - 2 rations (gained 1)
A bat comes into view.
The bat barely misses you.
You hit the bat.
You kill the bat!
No target in view!
You open the door.
An ice beast comes into view.
There is an open door here.
An ice beast is nearby!
The helpless ice beast fails to defend itself.
You puncture the ice beast!
The ice beast is heavily wounded.
The ice beast hits you. The ice beast freezes you!
An ice beast is nearby!
You barely miss the ice beast.
The ice beast is heavily wounded.
The ice beast hits you. The ice beast freezes you!
You die...

#...........#
###...........+
..............#
..............#
.........<.#....(
...........#.####
...........#.#
...........#.#
#######@#..#
.......Y#..#
#########..# #..#
.... ..... .....
......#


You could see an ice beast.

Vanquished Creatures
  2 adders (D:3)
  A dart slug (D:2)
  2 leopard geckos
  A giant cockroach (D:1)
  2 goblins (D:3)
  2 hobgoblins
  4 jackals (D:1)
  A quokka (D:2)
  A ball python (D:2)
  3 bats
  4 frilled lizards
  A kobold (D:3)
  2 rats
26 creatures vanquished.

Notes
Turn   | Place    | Note
-------+----------+-------------------------------------------
     0 | D:1      | Maedhros the Octopode Artificer began the quest for the
                  | Orb.
     0 | D:1      | Reached XP level 1. HP: 13/13 MP: 3/3
    55 | D:1      | Reached XP level 2. HP: 11/18 MP: 4/4
   246 | D:2      | Found a hazy altar of Hepliaklqana.
   457 | D:2      | Reached XP level 3. HP: 10/23 MP: 5/5
   658 | D:3      | Reached skill level 4 in Evocations
   950 | D:3      | Noticed an ice beast
   953 | D:3      | Slain by an ice beast

Levels and vault maps discovered:
D:1:      minmay_arrival_arboretum_small, layout_basic
D:2:      layout_loops_corners, lemuel_doored_altar,
          chequers_ecumenical_altar_simple
D:3:      layout_basic

Skill      XL: |  1  2  3 |
---------------+----------+-----
Stealth        | 2 3 |  3.6
Evocations     | 4 |  4.2
Fighting       | |  1.0
Short Blades   | |  1.0
Dodging        | |  2.0

Action                   || total
-------------------------++-------
Melee: Short sword       ||    52
       Constrict         ||    14
       Tentacles         ||     5
Evoke: Wand              ||     1
 Stab: Sleeping          ||     7
Armor: Skin              ||     2
Dodge: Dodged            ||    32

Table legend:
 A = Non-vault XP
 B = Vault XP
 C = Vault XP percentage of total XP
 D = Non-vault monster count
 E = Vault monster count
 F = Vault count percentage of total count
                 A         B        C        D         E       F
            +---------+---------+-------+---------+---------+-------
      Total |      68 |       0 |   0.0 |      26 |       0 |   0.0
            +---------+---------+-------+---------+---------+-------
        D:1 |      17 |       0 |   0.0 |       9 |       0 |   0.0
        D:2 |      17 |       0 |   0.0 |      10 |       0 |   0.0
        D:3 |      34 |       0 |   0.0 |       7 |       0 |   0.0
            +---------+---------+-------+---------+---------+-------
